PAAA
BAKERSFIELD NOBLES @ NAPERVILLE BATTLEKINGS
08/10/2023
 
TOP OF THE 1ST
Bakersfield Nobles batting - Pitching for Naperville Battlekings : RHP William Peck
Pitching: RHP William Peck
Batting: SHB Jon Jenkins 0-0: Ground out 6-3 (Groundball, 6M)
Batting: LHB Luis Velázquez 0-0: Ball
1-0: Called Strike
1-1: Foul Ball, location: 2F
1-2: Ball
2-2: SINGLE (Line Drive, 7S)
Batting: LHB Emery Miller 0-0: Called Strike
0-1: Foul Ball, location: 2F
0-2: Ball
1-2: Ball
2-2: Ball
3-2: Reached on Error, E4 (Popup, 4D)
Luis Velázquez to second
Batting: LHB Jorge Pérez 0-0: Foul Ball, location: 2F
0-1: Ball
1-1: Fly out, F7 (Flyball, 7S)
Batting: SHB Ray Davis 0-0: Foul Ball, location: 2F
0-1: Ball
1-1: SINGLE (Groundball, 3D)
Luis Velázquez to third
Emery Miller to second
Runner from 3rd tries for Home, SAFE, no throw or cutoff
Batting: RHB Gabriel Maldonado 0-0: Foul Ball, location: 2F
0-1: Called Strike
0-2: Ball
1-2: Strikes out swinging
Top of the 1st over - 1 run(s), 2 hit(s), 1 error(s), 2 left on base; Bakersfield 1 - Naperville 0
BOTTOM OF THE 1ST
Naperville Battlekings batting - Pitching for Bakersfield Nobles : LHP James Scott
Pitching: LHP James Scott
Batting: RHB Jorge Reyes 0-0: Ball
1-0: Foul Ball, location: 2F
1-1: Fly out, F7 (Flyball, 78M)
Batting: RHB Sal Haynes 0-0: Ball
1-0: Called Strike
1-1: Ball
2-1: Fly out, F9 (Line Drive, 9M)
Batting: RHB Álex Rodríguez 0-0: Foul Ball, location: 2F
0-1: Called Strike
0-2: Foul Ball, location: 2F
0-2: Ball
1-2: SINGLE (Groundball, 56D)
Batting: LHB Cristo Ramírez 0-0: Foul Ball, location: 2F
0-1: Called Strike
0-2: Strikes out looking
Bottom of the 1st over - 0 run(s), 1 hit(s), 0 error(s), 1 left on base; Bakersfield 1 - Naperville 0
TOP OF THE 2ND
Bakersfield Nobles batting - Pitching for Naperville Battlekings : RHP William Peck
Batting: RHB Mario Blanco 0-0: Ball
1-0: Ground out 5-3 (Groundball, 56)
Batting: RHB Arnie Latham 0-0: Ball
1-0: Ball
2-0: Ball
3-0: Base on Balls
Batting: RHB Luis Jiménez 0-0: Ball
1-0: Fly out, F7 (Flyball, 7M)
Batting: SHB Jon Jenkins 0-0: Called Strike
0-1: Foul Ball, location: 2F
0-2: Ball
1-2: Foul Ball, location: 2F
1-2: Strikes out swinging
Top of the 2nd over - 0 run(s), 0 hit(s), 0 error(s), 1 left on base; Bakersfield 1 - Naperville 0
BOTTOM OF THE 2ND
Naperville Battlekings batting - Pitching for Bakersfield Nobles : LHP James Scott
Batting: RHB Joe Ferneyhough 0-0: Fly out, F6 (Popup, 6MD)
Batting: RHB Earnest Veeck 0-0: Foul Ball, location: 2F
0-1: Ball
1-1: Ball
2-1: Swinging Strike
2-2: Ball
3-2: Ground out 5-3 (Groundball, 15S)
Batting: RHB Alfredo López 0-0: Called Strike
0-1: Fly out, F8 (Flyball, 8LM)
Bottom of the 2nd over - 0 run(s), 0 hit(s), 0 error(s), 0 left on base; Bakersfield 1 - Naperville 0
TOP OF THE 3RD
Bakersfield Nobles batting - Pitching for Naperville Battlekings : RHP William Peck
Batting: LHB Luis Velázquez 0-0: Foul Ball, location: 2F
0-1: Reached on error, E4 (Groundball, 4)
Batting: LHB Emery Miller 0-0: Ball
1-0: Ball
2-0: Foul Ball, location: 2F
2-1: Swinging Strike
2-2: Strikes out swinging
Batting: LHB Jorge Pérez 0-0: Called Strike
0-1: Swinging Strike
0-2: Ball
1-2: Ball
2-2: Foul Ball, location: 2F
2-2: Ball
3-2: Ground out 5-3 (Groundball, 5)
Luis Velázquez to second
Batting: SHB Ray Davis 0-0: Called Strike
0-1: Foul Ball, location: 2F
0-2: Foul Ball, location: 2F
0-2: Ground out 6-3 (Groundball, 6M)
Top of the 3rd over - 0 run(s), 0 hit(s), 1 error(s), 1 left on base; Bakersfield 1 - Naperville 0
BOTTOM OF THE 3RD
Naperville Battlekings batting - Pitching for Bakersfield Nobles : LHP James Scott
Batting: SHB Daryl Lloyd 0-0: Ball
1-0: Foul Ball, location: 2F
1-1: Ball
2-1: Ground out 1-3 (Groundball, 13)
Batting: LHB Jack Mason 0-0: Called Strike
0-1: Ball
1-1: Ball
2-1: Ground out 4-3 (Groundball, 34)
Batting: RHB Jorge Reyes 0-0: Ball
1-0: Called Strike
1-1: Ball
2-1: Fly out, F8 (Flyball, 8RM)
Bottom of the 3rd over - 0 run(s), 0 hit(s), 0 error(s), 0 left on base; Bakersfield 1 - Naperville 0
TOP OF THE 4TH
Bakersfield Nobles batting - Pitching for Naperville Battlekings : RHP William Peck
Batting: RHB Gabriel Maldonado 0-0: Fly out, F7 (Flyball, 7M)
Batting: RHB Mario Blanco 0-0: Foul Ball, location: 2F
0-1: Swinging Strike
0-2: Strikes out swinging
Batting: RHB Arnie Latham 0-0: Fly out, F7 (Flyball, 7M)
Top of the 4th over - 0 run(s), 0 hit(s), 0 error(s), 0 left on base; Bakersfield 1 - Naperville 0
BOTTOM OF THE 4TH
Naperville Battlekings batting - Pitching for Bakersfield Nobles : LHP James Scott
Batting: RHB Sal Haynes 0-0: Ball
1-0: Foul Ball, location: 2F
1-1: Fly out, F8 (Line Drive, 8LM)
Batting: RHB Álex Rodríguez 0-0: Ground out 5-3 (Groundball, 56)
Batting: LHB Cristo Ramírez 0-0: Ball
1-0: Ball
2-0: Fly out, F8 (Flyball, 8RXD)
Bottom of the 4th over - 0 run(s), 0 hit(s), 0 error(s), 0 left on base; Bakersfield 1 - Naperville 0
TOP OF THE 5TH
Bakersfield Nobles batting - Pitching for Naperville Battlekings : RHP William Peck
Batting: RHB Luis Jiménez 0-0: Fly out, F8 (Flyball, 8RM)
Batting: SHB Jon Jenkins 0-0: Ball
1-0: Called Strike
1-1: Ball
2-1: Ball
3-1: Swinging Strike
3-2: DOUBLE (Groundball, 3L)
Batting: LHB Luis Velázquez 0-0: Ball
1-0: Swinging Strike
1-1: Foul Ball, location: 2F
1-2: Ball
2-2: Strikes out swinging
Batting: LHB Emery Miller 0-0: Ball
1-0: Called Strike
1-1: Ball
2-1: Ball
3-1: SINGLE (Groundball, 56D)
Jon Jenkins to third
Runner from 3rd tries for Home, throw and OUT!
Top of the 5th over - 0 run(s), 2 hit(s), 0 error(s), 1 left on base; Bakersfield 1 - Naperville 0
BOTTOM OF THE 5TH
Naperville Battlekings batting - Pitching for Bakersfield Nobles : LHP James Scott
Batting: RHB Joe Ferneyhough 0-0: Called Strike
0-1: Ball
1-1: SINGLE (Line Drive, 6MD)
Batting: RHB Earnest Veeck 0-0: Bunted foul
0-1: Sac Bunt - play at first, batter OUT! 2-4
Joe Ferneyhough to second
Batting: RHB Alfredo López 0-0: Ball
1-0: Called Strike
1-1: Called Strike
1-2: Foul Ball, location: 2F
1-2: Strikes out swinging
Batting: SHB Daryl Lloyd 0-0: Ball
1-0: Called Strike
1-1: Ball
2-1: Ground out 1-3 (Groundball, 15S)
Bottom of the 5th over - 0 run(s), 1 hit(s), 0 error(s), 1 left on base; Bakersfield 1 - Naperville 0
TOP OF THE 6TH
Bakersfield Nobles batting - Pitching for Naperville Battlekings : RHP William Peck
Batting: LHB Jorge Pérez 0-0: Called Strike
0-1: Ball
1-1: Ball
2-1: Swinging Strike
2-2: Strikes out swinging
Batting: SHB Ray Davis 0-0: Called Strike
0-1: Ball
1-1: Ball
2-1: Ball
3-1: Base on Balls
Batting: RHB Gabriel Maldonado 0-0: Called Strike
0-1: Foul Ball, location: 2F
0-2: Ball
1-2: Ball
2-2: Foul Ball, location: 2F
2-2: Ball
3-2: Grounds into double play, 5-4-3 (Groundball, 5D)
Top of the 6th over - 0 run(s), 0 hit(s), 0 error(s), 0 left on base; Bakersfield 1 - Naperville 0
BOTTOM OF THE 6TH
Naperville Battlekings batting - Pitching for Bakersfield Nobles : LHP James Scott
Batting: LHB Jack Mason 0-0: SINGLE (Groundball, 4MD)
Batting: RHB Jorge Reyes 0-0: Bunted foul
0-1: Bunted foul
0-2: Grounds into double play, 1-4-3 (Groundball, 13)
Batting: RHB Sal Haynes 0-0: Ball
1-0: Called Strike
1-1: Called Strike
1-2: Ground out 6-3 (Groundball, 6M)
Bottom of the 6th over - 0 run(s), 1 hit(s), 0 error(s), 0 left on base; Bakersfield 1 - Naperville 0
TOP OF THE 7TH
Bakersfield Nobles batting - Pitching for Naperville Battlekings : RHP William Peck
Batting: RHB Mario Blanco 0-0: Swinging Strike
0-1: Ball
1-1: Ball
2-1: Ball
3-1: Called Strike
3-2: Base on Balls
Batting: RHB Arnie Latham 0-0: Called Strike
Throwing error on steal attempt, E2
Mario Blanco to third
0-1: Called Strike
0-2: Ball
1-2: SINGLE (Flyball, 7S)
Mario Blanco scores
Batting: RHB Luis Jiménez 0-0: Sac Bunt - play at first, batter OUT! 1-3
Arnie Latham to second
Batting: SHB Jon Jenkins 0-0: Ground out 1-3 (Groundball, 15)
Batting: LHB Luis Velázquez 0-0: Called Strike
0-1: Called Strike
0-2: Ball
1-2: Foul Ball, location: 2F
1-2: Foul Ball, location: 2F
1-2: DOUBLE (Flyball, 8LD)
Arnie Latham scores
Pitching: LHP Russ Wood
Batting: LHB Emery Miller 0-0: Called Strike
0-1: Ground out 3-1 (Groundball, 34)
Top of the 7th over - 2 run(s), 2 hit(s), 1 error(s), 1 left on base; Bakersfield 3 - Naperville 0
BOTTOM OF THE 7TH
Naperville Battlekings batting - Pitching for Bakersfield Nobles : LHP James Scott
Batting: RHB Álex Rodríguez 0-0: Ground out 6-3 (Groundball, 56)
Batting: LHB Cristo Ramírez 0-0: Ground out 4-3 (Groundball, 34)
Batting: RHB Joe Ferneyhough 0-0: Ball
1-0: Called Strike
1-1: Ball
2-1: Ball
3-1: Foul Ball, location: 2F
3-2: Base on Balls
Batting: RHB Earnest Veeck 0-0: Fielders Choice at 2nd, U6 (Groundball, 6M)
Bottom of the 7th over - 0 run(s), 0 hit(s), 0 error(s), 1 left on base; Bakersfield 3 - Naperville 0
TOP OF THE 8TH
Bakersfield Nobles batting - Pitching for Naperville Battlekings : LHP Russ Wood
Batting: LHB Jorge Pérez 0-0: Ball
1-0: Ground out 4-3 (Groundball, 34)
Batting: SHB Ray Davis 0-0: Ball
1-0: Fly out, F8 (Flyball, 8LXD)
Batting: RHB Gabriel Maldonado 0-0: Foul Ball, location: 2F
0-1: Swinging Strike
0-2: Fly out, F9 (Flyball, 9M)
Top of the 8th over - 0 run(s), 0 hit(s), 0 error(s), 0 left on base; Bakersfield 3 - Naperville 0
BOTTOM OF THE 8TH
Naperville Battlekings batting - Pitching for Bakersfield Nobles : LHP James Scott
Batting: RHB Alfredo López 0-0: Ground out 5-3 (Groundball, 5S)
Batting: SHB Daryl Lloyd 0-0: Ground out 6-3 (Groundball, 6)
Batting: LHB Jack Mason 0-0: Ball
1-0: Called Strike
1-1: Ball
2-1: SINGLE (Line Drive, 4MD)
Batting: RHB Jorge Reyes 0-0: Ball
1-0: SINGLE (Groundball, 56)
Jack Mason to second
Batting: RHB Sal Haynes 0-0: Ball
1-0: Ball
2-0: Ball
3-0: Called Strike
3-1: Ground out 5-3 (Groundball, 5S)
Bottom of the 8th over - 0 run(s), 2 hit(s), 0 error(s), 2 left on base; Bakersfield 3 - Naperville 0
TOP OF THE 9TH
Bakersfield Nobles batting - Pitching for Naperville Battlekings : LHP Russ Wood
Batting: RHB Mario Blanco 0-0: Ball
1-0: Swinging Strike
1-1: Ball
2-1: Ball
3-1: Swinging Strike
3-2: Base on Balls
Batting: RHB Arnie Latham 0-0: Ball
1-0: Sac Bunt - play at first, batter OUT! 1-4
Mario Blanco to second
Batting: RHB Luis Jiménez 0-0: Intentional Walk
Batting: SHB Jon Jenkins 0-0: Foul Ball, location: 2F
0-1: Ball
1-1: Ball
2-1: Foul Ball, location: 2F
2-2: Strikes out looking
Batting: LHB Luis Velázquez 0-0: Swinging Strike
0-1: Called Strike
0-2: Strikes out looking
Top of the 9th over - 0 run(s), 0 hit(s), 0 error(s), 2 left on base; Bakersfield 3 - Naperville 0
BOTTOM OF THE 9TH
Naperville Battlekings batting - Pitching for Bakersfield Nobles : LHP James Scott
Pitching: RHP Edgardo Marín
Batting: RHB Álex Rodríguez 0-0: Foul Ball, location: 2F
0-1: Ball
1-1: Ball
2-1: Fly out, F8 (Flyball, 8LXD)
Batting: LHB Cristo Ramírez 0-0: Ball
1-0: Ball
2-0: Reached on error, E5 (Groundball, 5)
Batting: RHB Joe Ferneyhough 0-0: Called Strike
0-1: Ball
1-1: SINGLE (Flyball, 8RS)
Cristo Ramírez to third
Batting: RHB Earnest Veeck 0-0: Called Strike
0-1: Called Strike
0-2: Ball
1-2: Fly out, F5 (Line Drive, 56)
Batting: RHB Alfredo López 0-0: Swinging Strike
0-1: Called Strike
0-2: Strikes out swinging
Bottom of the 9th over - 0 run(s), 1 hit(s), 1 error(s), 2 left on base; Bakersfield 3 - Naperville 0
This league is powered by Out of the Park Baseball, the baseball management simulation game for PC, Mac and Linux
Friday, July 8th, 2016 - OOTP Baseball 16.9 Build 39